 Dungeon Crawl Stone Soup version 0.31-a0-1074-g0b22e4e0f1 (webtiles) character file.

Game seed: 5125305788218443148

28 Curundu the Chiller (level 2, -5/22 HPs)
             Began as a Demigod Ice Elementalist on Dec 7, 2023.
             Slain by a gnoll
             ... wielding a +0 halberd
              (12 damage)
             ... on level 2 of the Dungeon.
             The game lasted 00:08:06 (1536 turns).

Curundu the Chiller (Demigod Ice Elementalist)      Turns: 1536, Time: 00:08:06

Health: -5/22      AC:  2    Str:  9    XL:     2   Next: 75%
Magic:  3/7        EV: 12    Int: 17    God:
Gold:   77         SH:  0    Dex: 14    Spells: 4/5 levels left

rFire   . . .        (no weapon)
rCold   + . .        (no shield)
rNeg    . . .        a - +0 robe
rPois   .            (no helmet)
rElec   .            (no cloak)
rCorr   .            (no gloves)
SInv    .            (no boots)
Will    .....        (no amulet)
Stlth   ++           h - ring of protection from cold
HPRegen 0.23/turn    (no ring)
MPRegen 0.10/turn

%: no passive effects
@: weak-willed, very slightly contaminated
A: high MP 1, forlorn, divine attributes
a: no special abilities


You were on level 2 of the Dungeon.
You visited 1 branch of the dungeon, and saw 2 of its levels.

You collected 77 gold pieces.

Inventory:

Armour
 a - a +0 robe (worn)
Jewellery
 h - a ring of protection from cold (left hand)
Scrolls
 d - a scroll of enchant weapon {unknown}
 e - a scroll of torment {unknown}
 f - a scroll of silence {unknown}
 g - a scroll of revelation {unknown}
Potions
 b - a potion of magic
 i - a potion of curing {unknown}
 j - a potion of might {unknown}
 k - a potion of mutation {unknown}


   Skills:
 + Level 0.3 Fighting
 + Level 2.0 Dodging
 + Level 1.9 Stealth
 + Level 2.1 Spellcasting
 + Level 4.0 Ice Magic


You had 4 spell levels left.
You knew the following spells:

 Your Spells              Type           Power      Damage    Failure   Level
a - Freeze                Ice            60%        1d7       3%          1

Your spell library contained the following spells:

 Spells                   Type           Power      Damage    Failure   Level
 Frozen Ramparts          Ice            30%        1d5       11%         3
 Ozocubu's Armour         Ice            15%        N/A       11%         3
 Summon Ice Beast         Ice/Summ       8%         N/A       63%         4


Dungeon Overview and Level Annotations

Branches:
Dungeon (2/15)


Innate Abilities, Weirdness & Mutations

You have an increased reservoir of magic. (+10% MP)
You shall have no god before yourself.
Your divine heritage dramatically boosts your attributes as you level up.


Message History

You freeze the rat.
You kill the rat!
The gnoll closely misses you.
Casting: Freeze (safe; 3% risk of failure)
Confirm with . or Enter, or press ? or * to list all spells.
Aiming: Freeze (safe; 3% risk of failure)
Press: ? - help, Shift-Dir - straight line, f - gnoll
Aim: a gnoll, wielding a +0 flail You miscast Freeze.
You are very lightly contaminated with residual magic.
Nothing appears to happen.
The gnoll hits you with a +0 halberd! The frilled lizard barely misses you.
The gnoll closely misses you.
Casting: Freeze (safe; 3% risk of failure)
Confirm with . or Enter, or press ? or * to list all spells.
Aiming: Freeze (safe; 3% risk of failure)
Press: ? - help, Shift-Dir - straight line, f/p - gnoll
Aim: a gnoll, wielding a +0 flail You freeze the gnoll.
The gnoll is moderately wounded.
The gnoll barely misses you. The frilled lizard closely misses you.
The kobold throws a stone.
The stone closely misses you.
The stone closely misses the gnoll.
Casting: Freeze (safe; 3% risk of failure)
Confirm with . or Enter, or press ? or * to list all spells.
Aiming: Freeze (safe; 3% risk of failure)
Press: ? - help, Shift-Dir - straight line, f/p - gnoll
Aim: a gnoll, wielding a +0 flail (moderately wounded)
You freeze the gnoll!
You kill the gnoll!
The gnoll misses you. The frilled lizard misses you.
The gnoll hits you with a +0 club!
Your Dodging skill increases to level 2!
Your Spellcasting skill increases to level 2!
Your Ice Magic skill increases to level 4!
As you read the scroll labelled XUBLEP FUGA, it crumbles to dust.
The adder hisses angrily.
Magic quickly surges around you.
It was a scroll of vulnerability.
The frilled lizard closely misses you. The gnoll hits you with a +0 halberd!
Ouch! That really hurt!
You die...

#.# #.# ....)
#.# #.#.. ## #.#
###.#
#.#########.# #
#..........K##..
#.######.....S..
### #.....###
#.....# #@)...#
#..lgg...#
#........#
#........#
#........#
#........#
#######+##


You could see 2 gnolls, an adder (weak-willed), a kobold (weak-willed) and a
frilled lizard (weak-willed).

Vanquished Creatures
  A gnoll (D:2)
  3 bats (D:1)
  An endoplasm (D:2)
  2 goblins (D:1)
  2 hobgoblins (D:1)
  A kobold (D:1)
  5 ball pythons (D:1)
  A frilled lizard (D:1)
  3 rats
19 creatures vanquished.

Notes
Turn   | Place    | Note
-------+----------+-------------------------------------------
     0 | D:1      | Curundu the Demigod Ice Elementalist began the quest for
                  | the Orb.
     0 | D:1      | Reached XP level 1. HP: 14/14 MP: 5/5
  1016 | D:1      | Reached XP level 2. HP: 22/22 MP: 4/7
  1536 | D:2      | Reached skill level 4 in Ice Magic
  1536 | D:2      | Slain by a gnoll

Illustrated notes

Levels and vault maps discovered:
D:1:      lemuel_arrival_cross, layout_basic, minmay_misc_feat_ornament
D:2:      layout_basic, serial_shops, nicolae_shop_tiny_glass,
          nicolae_shop_tiny_glass, nicolae_shop_bloodbath_and_beyond, shop,
          grunt_decor_fettered, grunt_decor_mini_mirrors

Skill      XL: |  1  2 |
---------------+-------+-----
Dodging        | 2 |  2.0
Spellcasting   | 2 |  2.1
Ice Magic      | 4 |  4.0
Fighting       | |  0.3
Stealth        | |  1.9

Action                     || total
---------------------------++-------
  Melee: Unarmed           ||     6
   Cast: Freeze            ||    32
    Use: Scroll            ||     1
 Armour: Robe              ||    16
  Dodge: Dodged            ||    37

Table legend: (Time is in decaauts)
 A = Elapsed time spent in this place.
 B = Non-inter-level travel time spent in this place.
 C = Inter-level travel time spent in this place.
 D = Time resting spent in this place.
 E = Time spent auto-exploring this place.
 F = Levels seen in this place.
 G = Mean time per level.
                   A        B        C        D        E       F      G
               +--------+--------+--------+--------+--------+-----+--------+
         Total |   1535 |   1534 |      1 |    455 |      0 |   2 |  767.5 |
       Dungeon |   1535 |   1534 |      1 |    455 |      0 |   2 |  767.5 |
               +--------+--------+--------+--------+--------+-----+--------+

Top non-repeatable levels by time:
     D:1: 1366 daAuts
     D:2: 168 daAuts
